 Dungeon Crawl Stone Soup version 0.23.0 (webtiles) character file.

Game seed: 9310547732852306791

20 Gorice the Chopper (level 2, -1/24 HPs)
             Began as a Demonspawn Monk on Feb 17, 2019.
             Slain by Jessica (4 damage)
             ... on level 2 of the Dungeon.
             The game lasted 00:02:28 (801 turns).

Gorice the Chopper (Demonspawn Monk)                 Turns: 801, Time: 00:02:29

Health: -1/24      AC:  3    Str: 11    XL:     2   Next: 58%
Magic:  2/2        EV: 13    Int: 11    God:
Gold:   55         SH:  0    Dex: 15    Spells: 1/1 levels left

rFire    . . .     SeeInvis .   a - +0 hand axe
rCold    . . .     Gourm    .   (no shield)
rNeg     . . .     Faith    .   b - +0 robe
rPois    .         Spirit   .   g - +0 helmet
rElec    .         Reflect  .   (no cloak)
rCorr    .         Harm     .   (no gloves)
MR       .....                  (no boots)
Stlth    ++........             (no amulet)
HPRegen  0.08/turn              (no ring)
MPRegen  0.08/turn              (no ring)

@: no status effects
A: talons 1
a: no special abilities


You were on level 2 of the Dungeon.
You were not hungry.

You visited 1 branch of the dungeon, and saw 2 of its levels.

You collected 55 gold pieces.

Inventory:

Hand Weapons
 a - a +0 hand axe (weapon)
 h - a cursed +0 short sword
Armour
 b - a +0 robe (worn)
 g - a +0 helmet (worn)
Scrolls
 d - a scroll of teleportation {!r}
 e - a scroll of identify
Comestibles
 c - 2 rations


   Skills:
 - Level 3.0 Fighting
 * Level 3.6 Axes
 - Level 2.6 Dodging
 - Level 1.7 Stealth


You had one spell level left.
You didn't know any spells.
Your spell library was empty.

Dungeon Overview and Level Annotations

Branches:
Dungeon (2/15)

Altars:

Annotations:
D:2 Jessica


Innate Abilities, Weirdness & Mutations

You have sharp toenails.


Message History

Jessica points at you and mumbles some strange words.
Pain shoots through your body! Jessica closely misses you.
Damage: 5 (max 5)
You closely miss Jessica. Jessica misses you.
You hit Jessica. You claw Jessica, but do no damage.
Jessica is lightly wounded.
Jessica closely misses you. Jessica misses you.
You closely miss Jessica.
Jessica is lightly wounded.
Jessica points at you and mumbles some strange words.
You barely resist. Jessica closely misses you.
You closely miss Jessica. Your kick misses Jessica.
Jessica is lightly wounded.
Jessica casts a spell.
Jessica blinks!
You hit Jessica but do no damage. Your kick misses Jessica.
Jessica is lightly wounded.
Jessica hits you.
Damage: 2 (max 5)
You closely miss Jessica. Your kick misses Jessica.
Jessica is lightly wounded.
Jessica casts a spell at you. Pain shoots through your body!
* * * LOW HITPOINT WARNING * * *
Jessica barely misses you.
Damage: 11 (max 11)
You barely miss Jessica.
Jessica is lightly wounded.
Jessica closely misses you.
Unknown command.
Jessica closely misses you.
You feel yourself speed up. Jessica barely misses you.
Jessica barely misses you. Jessica hits you.
* * * LOW HITPOINT WARNING * * *
There is a stone staircase leading up here.
Damage: 1 (max 11) Unknown command.
You closely miss Jessica.
Jessica is lightly wounded.
Jessica hits you.
* * * LOW HITPOINT WARNING * * *
Damage: 4 (max 11) Unknown command.
As you read the scroll labeled AXO NEMEYKUATH, it crumbles to dust.
It is a scroll of identify.
d - a scroll of teleportation Jessica hits you.
You die...

##.>########
##..........##
##............##
##..............#
................#
#..............#
#.......?......#
#........†.....#
##......@@....##
##..........##
########....#
####...# ##.. ##.


You could see Jessica.

Vanquished Creatures
  8 jackals
  A kobold (D:1)
  A quokka (D:1)
  A bat (D:1)
  3 goblins (D:1)
  4 rats (D:1)
18 creatures vanquished.

Notes
Turn   | Place    | Note
-------+----------+-------------------------------------------
     0 | D:1      | Gorice the Demonspawn Monk began the quest for the Orb.
     0 | D:1      | Reached XP level 1. HP: 18/18 MP: 1/1
    56 | D:1      | Reached skill level 3 in Axes
   247 | D:1      | Gained mutation: You have sharp toenails. [demonic
                  | ancestry]
   247 | D:1      | Reached XP level 2. HP: 24/24 MP: 2/2
   654 | D:2      | Noticed Jessica
   794 | D:2      | HP: 7/24 [Jessica/nerve-wracking pain (11)]
   799 | D:2      | HP: 6/24 [Jessica (1)]
   800 | D:2      | HP: 2/24 [Jessica (4)]
   801 | D:2      | Slain by Jessica

Skill      XL: |  1 |
---------------+----+-----
Axes           | 3 |  3.6
Fighting       | |  3.0
Dodging        | |  2.6
Stealth        | |  1.7

Action                   || total
-------------------------++-------
Melee: Hand axe          ||    46
       Kick              ||     7
  Use: Scroll            ||     1
 Stab: Sleeping          ||     2
Armor: Robe              ||    13
Dodge: Dodged            ||    45

Table legend:
 A = Turns spent in this place as a percentage of turns spent in the entire game.
 B = Non-inter-level travel turns spent in this place as a percentage of non-inter-level travel turns spent in the entire game.
 C = Inter-level travel turns spent in this place as a percentage of turns spent in this place.
 D = Turns resting spent in this place as a percentage of non-inter-level travel turns spent in this place.
 E = Turns spent auto-exploring this place as a percentage of non-inter-level travel turns spent in this place.
 F = Non-inter-level travel turns spent in this place divided by the number of levels of this place that you've seen.
                   A       B       C       D       E      F
               +-------+-------+-------+-------+-------+----------------------
         Total | 100.0 | 100.0 |   0.0 |  30.6 |  45.6 | 400.5
       Dungeon | 100.0 | 100.0 |   0.0 |  30.6 |  45.6 | 400.5
               +-------+-------+-------+-------+-------+----------------------

Levels and vault maps discovered:
D:1:      dpeg_arrival_connections, layout_loops_cross
D:2:      layout_rooms, first_ration, uniq_jessica
